Unix NetHack Version 5.0.0-0 post-release - last build May 17 2026 04:57:42 (dc50c8380fa5e20985bfe3072449f57b8d9895ef,branch:main).

Game began 2026-05-20 12:15:55, ended 2026-05-20 12:59:40.

FutureTim, lawful female human Valkyrie

                                   ---...-
                        ..|.       -.......--
                        .--..     -.........--
                        .|...-    ....G...|....
                    h     ....|-..........|-..--
                          --.)$.....|....-  ....-
                        ..|...|..--.|...--   |...-
                       -....--    |.|-..|     -...-----
                       ......--      ---       ....|...|
                       ...{...|   ..|           .......--
                       .......-- ...|---         ........
                       ........----....|            .....        -----
                        .-.---......|..|            -...-       ...|.---
                         |.)-------.....            --..|       ........|--
                         |....--  ------##           |..         -.....-|.--
                         |....>|                     |..|.--------)|..[)|..--
                         -------                     |..--..*).$...|---.....|
                                                      -.....%.------  ---.)<|
                                                       --------         -----



Latest messages:
 You miss Japes' ghost.
 Japes' ghost touches you!
 You miss Japes' ghost.
 You miss Japes' ghost.
 Japes' ghost touches you!
 You miss Japes' ghost.
 Japes' ghost misses!
 You hit Japes' ghost!
 You miss Japes' ghost.
 You miss Japes' ghost.
 You miss Japes' ghost.
 You miss Japes' ghost.
 You miss Japes' ghost.
 The leprechaun hits!
 Your purse feels lighter.
 The leprechaun vanishes!
 You miss Japes' ghost.
 You hit Japes' ghost!
 You hit Japes' ghost!
 You miss Japes' ghost.
 You hit Japes' ghost!
 You miss Japes' ghost.
 You miss Japes' ghost.
 You miss Japes' ghost.
 Japes' ghost touches you!
 You miss Japes' ghost.
 You miss Japes' ghost.
 You miss Japes' ghost.
 Japes' ghost touches you!
 You miss Japes' ghost.
 Japes' ghost touches you!
 You miss Japes' ghost.
 You destroy Japes' ghost!
 You hit the watch captain!
 The watch captain picks up a knife.
 You are almost hit by a knife.
 The watch captain picks up a knife.
 You hear a nearby zap.
 The bolt of fire whizzes by you!
 The bolt of fire bounces!
 The bolt of fire whizzes by you!
 You hear a nearby zap.
 The leprechaun is killed by the bolt of fire!
 The bolt of fire hits you!
 The watch captain throws a knife!
 You are hit by a knife.
 You hear a nearby zap.
 The bolt of fire hits you!
 Your cloak smoulders!
 You die...

Inventory:
 Coins    ('$')
  $ - 266 gold pieces
 Weapons  (')')
  m - 22 +0 darts
  b - a +0 dagger (alternate weapon; not wielded)
  a - a +1 spear (weapon in right hand)
  J - a cursed +0 long sword
 Armor    ('[')
  N - an uncursed +0 dwarvish iron helm (being worn)
  M - an uncursed +0 pair of iron shoes (being worn)
  R - an uncursed +0 shield of reflection
  c - an uncursed +3 small shield (being worn)
  s - an uncursed burnt +0 dwarvish cloak (being worn)
  t - an uncursed +0 studded leather armor (being worn)
 Comestibles  ('%')
  d - 2 uncursed food rations
  D - a cursed food ration
  z - 2 uncursed lembas wafers
  x - 2 uncursed tripe rations
 Scrolls  ('?')
  I - an uncursed scroll of confuse monster
  u - an uncursed scroll of enchant weapon
  C - a blessed scroll of punishment
 Spellbooks  ('+')
  k - an uncursed spellbook of chain lightning
  A - an uncursed spellbook of teleport away
 Potions  ('!')
  i - 2 uncursed potions of healing
  X - an uncursed potion of invisibility
  y - a blessed potion of polymorph
  K - an uncursed potion of sickness
  v - an uncursed potion of speed
 Wands    ('/')
  Y - a wand of undead turning (0:4)
 Tools    ('(')
  O - an uncursed bugle
  G - an uncursed brass lantern
  W - an uncursed magic lamp
  S - an uncursed magic whistle
  U - an uncursed mirror
  H - a cursed oil lamp
  n - an uncursed tin whistle
  L - an uncursed tin whistle
  Z - an uncursed tin whistle
 Gems/Stones  ('*')
  o - an uncursed fluorite stone
  F - an uncursed turquoise stone
  q - 2 uncursed worthless pieces of black glass
  E - an uncursed worthless piece of blue glass
  j - an uncursed worthless piece of green glass

FutureTim the Valkyrie's attributes:

Background:
 You were a Fighter, a level 7 human Valkyrie.
 You were lawful, nominally on a mission for Tyr
 who was opposed by Odin (neutral) and Loki (chaotic).
 You were right-handed.
 You were in the Gnomish Mines, on level 6.
 You entered the dungeon 3129 turns ago.
 You had 719 experience points, 561 more were needed to attain level 8.

Basics:
 You had 0 out of 61 hit points.
 You had all 20 energy points (spell power).
 Your armor class was -1.
 Your wallet contained 266 zorkmids.
 Autopickup was off.

Final Characteristics:
 Your strength was 18/02 (limit:18/100).
 Your dexterity was 12 (limit:18).
 Your constitution was 18 (limit:18).
 Your intelligence was 8 (limit:18).
 Your wisdom was 9 (limit:18).
 Your charisma was 7 (limit:18).

Final Status:
 You weren't hungry.
 You were unencumbered.
 You were wielding a spear.
 You were skilled in spear.

Final Attributes:
 You were fervently aligned.
 Your items were somewhat protected from fire.
 You were cold resistant.
 Your items were somewhat protected from cold.
 You were stealthy.
 You were warded.
 You were fast.
 You were unlucky.
 You are dead.

Miscellaneous:
 You encountered 1 bones level.
 Total elapsed playing time was 43 minutes and 43 seconds.

Major events:
 Turn
    1: FutureTim the lawful human Valkyrie entered the dungeon
  319: attained the rank of Skirmisher (level 3)
  822: entered the Gnomish Mines
 2145: attained the rank of Fighter (level 6)
 2174: reached Mine Town
 3129: killed by a bolt of fire zapped by a leprechaun

 Fighting Skills
   bare handed combat [Unskilled]
   two weapon combat  [Unskilled]
   riding             [Unskilled]
 Weapon Skills
   dagger             [Basic]
   axe                [Unskilled]
   pick-axe           [Unskilled]
   short sword        [Unskilled]
   broadsword         [Unskilled]
   long sword         [Unskilled]
   two-handed sword   [Unskilled]
   saber              [Unskilled]
   hammer             [Unskilled]
   quarterstaff       [Unskilled]
   polearms           [Unskilled]
   spear              [Skilled]
   trident            [Unskilled]
   lance              [Unskilled]
   sling              [Unskilled]
 Spellcasting Skills
   attack spells      [Unskilled]
   escape spells      [Unskilled]

Voluntary challenges:
 Character rerolling was not enabled.
 You were an atheist.
 You never genocided any monsters.
 You never polymorphed an object.
 You never changed form.
 You used no wishes.
Achievements:
 You attained the rank of Skirmisher.
 You entered a shop.
 You entered the Gnomish Mines.
 You attained the rank of Fighter.
 You entered Minetown.

 The Dungeons of Doom: levels 1 to 2
    Level 1:
    Level 2:
       A scroll shop.
       Stairs down to The Gnomish Mines.
 The Gnomish Mines: levels 3 to 7
    Level 3:
    Level 4:
    Level 5:
    Level 6: <- You were here.
       A fountain.
       Final resting place for
          you, killed by a bolt of fire zapped by a leprechaun,
          Japes-Val-Hum-Fem-Law, killed by a dwarf lord,
          Corncycle-Rog-Hum-Mal-Cha, killed by a gnome lord.
    Level 7:


Vanquished creatures:
  a ghost
  2 watchmen
  a leprechaun
 an iron piercer
  a gnome ruler
  a dingo
  a jaguar
  a dwarf leader
  a plains centaur
  a mountain nymph
  a shrieker
  4 gnome leaders
  a gnomish wizard
  a kobold mummy
  2 gray oozes
  3 dwarves
  a rothe
  a giant bat
 an orc zombie
 an iguana
  3 hobbits
  a large kobold
  a giant rat
  4 cave spiders
 35 gnomes
 10 garter snakes
  6 geckos
  2 jackals
  a fox
  a kobold
  5 goblins
  3 sewer rats
  3 grid bugs
  5 lichens
  2 kobold zombies
  4 newts
113 creatures vanquished.

No species were genocided or became extinct.

Game over:
                       ----------
                      /          \
                     /    REST    \
                    /      IN      \
                   /     PEACE      \
                  /                  \
                  |    FutureTim     |
                  |      266 Au      |
                  | killed by a bolt |
                  |  of fire zapped  |
                  | by a leprechaun  |
                  |                  |
                  |       2026       |
                 *|     *  *  *      | *
        _________)/\\_//(\/(/\)/\//\/|_)_______

Farvel FutureTim the Valkyrie...

You died in The Gnomish Mines on dungeon level 6 with 3436 points,
and 266 pieces of gold, after 3129 moves.
You were level 7 with a maximum of 61 hit points when you died.

